 Dungeon Crawl Stone Soup version 0.23.1 (webtiles) character file.

Game seed: 985752974755986677

42 Irenicus the Digger (level 3, 0/28 HPs)
             Began as a Deep Dwarf Earth Elementalist on Mar 19, 2019.
             Killed from afar by Sigmund (9 damage)
             ... with a puff of flame
             ... on level 2 of the Dungeon.
             The game lasted 00:04:43 (681 turns).

Irenicus the Digger (Deep Dwarf Earth Elementalist)  Turns: 681, Time: 00:04:44

Health: 0/28       AC:  5    Str: 11    XL:     3   Next: 35%
Magic:  3/6        EV: 12    Int: 16    God:
Gold:   88         SH:  0    Dex: 13    Spells: 4/7 levels left

rFire    . . .     SeeInvis .   h - +0 short sword
rCold    . . .     Gourm    .   (no shield)
rNeg     . . .     Faith    .   c - +0 robe
rPois    .         Spirit   .   l - +2 hat
rElec    .         Reflect  .   (no cloak)
rCorr    .         Harm     .   f - +0 pair of gloves
MR       .....                  (no boots)
Stlth    ++........             (no amulet)
HPRegen  0.00/turn              m - ring of flight {+Fly, !d}
MPRegen  0.10/turn              (no ring)

@: non-regenerating
A: damage resistance, heal wounds, sense surroundings 1, no regeneration
a: Heal Wounds, Evoke Flight


You were on level 2 of the Dungeon.
You were not hungry.

You visited 1 branch of the dungeon, and saw 2 of its levels.

You collected 88 gold pieces.

Inventory:

Hand Weapons
 e - a +0 dagger
   (You took it off a goblin on level 1 of the Dungeon)
 h - a +0 short sword (weapon)
   (You took it off a kobold on level 1 of the Dungeon)
Missiles
 b - 63 stones (quivered)
Armour
 c - a +0 robe (worn)
 f - a +0 pair of gloves (worn)
   (You found it on level 1 of the Dungeon)
 l - a +2 hat (worn)
   (You found it on level 1 of the Dungeon)
Jewellery
 m - a ring of flight (left hand) {+Fly, !d}
   (You found it on level 2 of the Dungeon)
Scrolls
 a - 3 scrolls of remove curse {unknown}
 g - a scroll of immolation {unknown}
 i - 2 scrolls of teleportation {unknown}
 j - 3 scrolls of identify {unknown}
Potions
 k - a potion of berserk rage {unknown}
 n - a potion of curing {unknown}
Comestibles
 d - 5 rations


   Skills:
 - Level 2.1 Dodging
 - Level 2.4 Stealth
 + Level 2.6 Spellcasting
 - Level 0.8 Transmutations
 + Level 5.0 Earth Magic


You had 4 spell levels left.
You knew the following spells:

 Your Spells              Type           Power        Failure   Level  Hunger
a - Sandblast             Erth           ###...       2%          1    #......
w - Passwall              Tmut/Erth      ##......     9%          2    ##.....

Your spell library contained the following spells:

 Spells                   Type           Power        Failure   Level  Hunger
 Stone Arrow              Conj/Erth      ##....       21%         3    ###....
 Petrify                  Tmut/Erth      ##......     50%         4    #####..
 Lee's Rapid Deconstruct  Erth           ###.......   56%         5    ######.


Dungeon Overview and Level Annotations

Branches:
Dungeon (2/15)

Altars:
Ashenzari

Annotations:
D:2 Sigmund


Innate Abilities, Weirdness & Mutations

You are resistant to damage.
You can heal yourself by infusing magical energy.
You passively map a small area around you.
You do not regenerate.


Message History

o - a runed sapphire amulet You now have 81 gold pieces (gained 15).
MP restored: 6
d - 5 rations (gained 1) Put on which piece of jewellery? (? for menu, Esc to quit)
You feel your power drawn to a protective spirit.
Now linked to your health, your magic stops regenerating.
o - an amulet of guardian spirit (around neck)
You now have 0/6 mp.
You drop a ration.
You see here a ration.
d - 5 rations (gained 1) Drop what? 15/52 slots (_ for help) (? for menu, Esc to quit)
You remove your amulet of guardian spirit {Spirit}.
Your magic begins regenerating once more.
You drop an uncursed amulet of guardian spirit {Spirit}.
A rat comes into view.
You hit the rat. The rat barely misses you.
You hit the rat.
You kill the rat!
You see here a rat corpse.
A bat comes into view.
You see here 2 gold pieces.
You now have 83 gold pieces (gained 2).
Found a stone staircase leading down.
The helpless bat fails to defend itself.
You hit the bat. The bat hits you but does no damage.
The bat closely misses you. The bat hits you but does no damage.
You closely miss the bat. The bat hits you.
You closely miss the bat. The bat hits you but does no damage.
The bat barely misses you. The bat closely misses you. The bat misses you.
The bat hits you but does no damage. The bat barely misses you.
Aim: a bat
Okay, then.
You hit the bat.
You kill the bat!
A rock wall.
You begin to meditate on the wall.
You continue meditating on the rock. x2
You finish merging with the rock.
You now have 1/6 mp.
You open the door.
Found a faded altar of an unknown god.
There is an open door here.
There is a faded altar of an unknown god here.
A rock wall.
You begin to meditate on the wall.
You continue meditating on the rock. x2
You finish merging with the rock.
You now have 1/6 mp.
You now have 88 gold pieces (gained 5).
i - 2 scrolls labeled BUYJUBB MOXT (gained 1)
A worm comes into view.
Aim: a worm The blast of sand hits the worm!
b - 68 stones You now have 4/6 mp.
Aim: a worm (moderately wounded)
The blast of sand hits the worm!
You kill the worm!
b - 67 stones You now have 3/6 mp.
Okay, then.
A kobold comes into view. It is wielding a +0 short sword.
The kobold shouts!
The kobold throws a stone.
The stone hits you but does no damage.
You see here a stone.
The kobold throws a stone.
The stone completely misses you.
You can't see any susceptible monsters within range! (Use Z to cast anyway.)
The kobold throws a stone.
The stone barely misses you.
Aim: a kobold, wielding a +0 short sword The blast of sand hits the kobold.
b - 66 stones
Aim: a kobold, wielding a +0 short sword (moderately wounded)
The blast of sand hits the kobold!
You kill the kobold!
b - 65 stones You now have 2/6 mp.
You see here a +0 short sword.
Found a shattered altar of Ashenzari.
There is a shattered altar of Ashenzari here.
You open the door.
There is an open door here.
Sigmund the Dreaded comes into view.
He is wielding a +0 scythe.
Sigmund shouts!
Sigmund gestures at you while chanting. The puff of flame hits you!
You take 6 damage, and have 11/28 hp.
MASSIVE DAMAGE!!
Aim: Sigmund, wielding a +0 scythe and wearing a +0 robe The blast of sand hits Sigmund!
b - 64 stones Sigmund gestures at you while chanting.
The magic dart hits you.
You take 2 damage, and have 9/28 hp.
Aim: Sigmund, wielding a +0 scythe and wearing a +0 robe (moderately wounded)
The blast of sand hits Sigmund!
b - 63 stones Sigmund points at you and mumbles some strange words.
The puff of flame hits you!
You die...

###..#.###.......## *
* .##..#...#.......#
.##..#...+..._...+, *
* ..#..#...#.......#,
..#...####.......## *
* ........#.........#
, .#......#⌠.##'##.⌠#
.#..#...####....###.#
*
...........#...#@...#
,
...........#...#..###
...........#.+##@...
....................#
*
#####.#.............#
#...#############
######..######
.......>.....#
.............#


You could see Sigmund.

Vanquished Creatures
  An ooze (D:1)
  A worm (D:2)
  A dart slug (D:1)
  2 giant cockroaches (D:1)
  2 goblins
  A hobgoblin (D:2)
  8 jackals (D:1)
  2 ball pythons
  3 bats
  2 frilled lizards (D:1)
  6 kobolds
  4 rats
33 creatures vanquished.

Notes
Turn   | Place    | Note
-------+----------+-------------------------------------------
     0 | D:1      | Irenicus the Deep Dwarf Earth Elementalist began the quest
                  | for the Orb.
     0 | D:1      | Reached XP level 1. HP: 15/15 MP: 3/3
   101 | D:1      | Reached skill level 2 in Spellcasting
   102 | D:1      | Reached XP level 2. HP: 22/22 MP: 0/5
   283 | D:1      | Reached XP level 3. HP: 17/28 MP: 0/6
   407 | D:1      | Learned a level 2 spell: Passwall
   470 | D:2      | Reached skill level 5 in Earth Magic
   599 | D:2      | Found a faded altar of an unknown god.
   664 | D:2      | Found a shattered altar of Ashenzari.
   678 | D:2      | Noticed Sigmund
   681 | D:2      | Killed from afar by Sigmund

Skill      XL: |  1  2  3 |
---------------+----------+-----
Spellcasting   | 2 |  2.6
Earth Magic    | 5 |  5.0
Dodging        | |  2.1
Stealth        | |  2.4
Transmutations | |  0.8

Action                   || total
-------------------------++-------
Melee: Unarmed           ||     6
       Short sword       ||    43
 Cast: Sandblast         ||    35
       Passwall          ||     4
 Stab: Sleeping          ||     2
Armor: Robe              ||    23
Dodge: Dodged            ||    48

Levels and vault maps discovered:
D:1:      lemuel_arrival_behind_the_door_small, layout_rooms, minmay_nonomino_d4
D:2:      layout_basic, evilmike_ruin_ashenzari, first_ration,
          chequers_ecumenical_altar_lobes, uniq_sigmund

Table legend:
 A = Turns spent in this place as a percentage of turns spent in the entire game.
 B = Non-inter-level travel turns spent in this place as a percentage of non-inter-level travel turns spent in the entire game.
 C = Inter-level travel turns spent in this place as a percentage of turns spent in this place.
 D = Turns resting spent in this place as a percentage of non-inter-level travel turns spent in this place.
 E = Turns spent auto-exploring this place as a percentage of non-inter-level travel turns spent in this place.
 F = Non-inter-level travel turns spent in this place divided by the number of levels of this place that you've seen.
                   A       B       C       D       E      F
               +-------+-------+-------+-------+-------+----------------------
         Total | 100.0 | 100.0 |   0.0 |   0.0 |   0.0 | 340.5
       Dungeon | 100.0 | 100.0 |   0.0 |   0.0 |   0.0 | 340.5
               +-------+-------+-------+-------+-------+----------------------

Table legend:
 A = Kills in this place as a percentage of kills in entire the game.
 B = Kills by you in this place as a percentage of kills by you in the entire game.
 C = Kills by friends in this place as a percentage of kills by friends in the entire game.
 D = Other kills in this place as a percentage of other kills in the entire game.
 E = Experience gained in this place as a percentage of experience gained in the entire game.
 F = Experience gained in this place divided by the number of levels of this place that you have seen.
                   A       B       C       D       E      F
               +-------+-------+-------+-------+-------+----------------------
         Total | 100.0 | 100.0 |   N/A |   N/A | 100.0 |  30.5
       Dungeon | 100.0 | 100.0 |   N/A |   N/A | 100.0 |  30.5
               +-------+-------+-------+-------+-------+----------------------
